 Dungeon Crawl Stone Soup version 0.29.1-12-g30fa7ad0bf (webtiles) character file.

Game seed: 16532148468619552339

756 FexLirch the Magician (level 8, -6/50 HPs)
             Began as a Djinni Venom Mage on Jan 13, 2023.
             Mangled by an ice beast (13 damage)
             ... on level 4 of the Dungeon.
             The game lasted 00:07:44 (4328 turns).

FexLirch the Magician (Djinni Venom Mage)           Turns: 4328, Time: 00:07:44

Health: -6/50      AC:  5    Str:  7    XL:     8   Next: 7%
Gold:   285        EV: 12    Int: 20    God:
                   SH:  0    Dex: 13

rFire   + + .      SeeInvis .   p - +2 dagger (venom)
rCold   x . .      Faith    .   (no shield)
rNeg    . . .      Spirit   .   a - +0 robe
rPois   ∞          Reflect  .   (no helmet)
rElec   .          Harm     .   (no cloak)
rCorr   .          Rampage  .   d - +2 pair of gloves
Will    .....                   (boots unavailable)
Stlth   ++........              (no amulet)
HPRegen 0.16/turn               (no ring)
MPRegen 0.00/turn               (no ring)

@: flying
A: sickness immunity, fire resistance 2, cold vulnerability 1, float, innate
caster, HP casting, extra vitality 1
a: no special abilities


You were on level 4 of the Dungeon.
You visited 1 branch of the dungeon, and saw 4 of its levels.

You collected 285 gold pieces.

Inventory:

Hand Weapons
 k - a +1 dagger of holy wrath
 p - a +2 dagger of venom (weapon)
Missiles
 g - 2 throwing nets
Armour
 a - a +0 robe (worn)
 d - a +2 pair of gloves (worn)
Wands
 u - a wand of quicksilver (3)
Scrolls
 b - a scroll of identify
 c - 2 scrolls of blinking
 e - a scroll of brand weapon {unknown}
 f - a scroll of teleportation
 i - a scroll of fear {unknown}
 j - 4 scrolls of noise
 r - a scroll of torment {unknown}
 t - 2 scrolls of poison {unknown}
Potions
 h - a potion of degeneration {unknown}
 l - a potion of berserk rage {unknown}
 m - 3 potions of curing
 n - 2 potions of lignification {unknown}
 o - a potion of ambrosia {unknown}
 q - 4 potions of mutation {unknown}
 s - a potion of brilliance {unknown}
 v - a potion of haste {unknown}
 w - a potion of magic {unknown}


   Skills:
 - Level 2.1 Dodging
 - Level 1.5 Stealth
 + Level 6.9 Spellcasting


You had 4 spell levels left.
You knew the following spells:

 Your Spells              Type           Power      Damage    Failure   Level
a - Sting                 Tmut/Pois      100%       1d8       1%          1
b - Poisonous Vapours     Pois/Air       68%        N/A       1%          2
c - Mephitic Cloud        Conj/Pois/Air  34%        N/A       1%          3
d - Olgreb's Toxic Radia  Pois           34%        N/A       5%          4
e - Foxfire               Conj/Fire      100%       2x1d9     1%          1
f - Ensorcelled Hibernat  Hex/Ice        68%        N/A       1%          2
g - Frozen Ramparts       Ice            68%        1d11      1%          3
Your spell library was empty.

Dungeon Overview and Level Annotations

Branches:
Dungeon (4/15)
 Temple: D:4-7

Altars:
Xom


Innate Abilities, Weirdness & Mutations

You are immune to sickness and miasma.
You are immune to poison.
Your flesh is very heat resistant. (rF++)
You are vulnerable to cold. (rC-)
You float through the air rather than walking.
You learn spells naturally, not from books.
Your magical power is your life essence.
You have superior vitality. (+4 MHP)


Message History

The goblin is poisoned.
Your toxic aura wanes.
You kill Robin!
A goblin comes into view. It is wielding a +0 dagger.
Casting: Olgreb's Toxic Radiance (dangerous; 5% risk of failure)
Confirm with . or Enter, or press ? or * to list all spells.
You begin to radiate toxic energy.
The goblin shouts!
The goblin is poisoned.
You kill the goblin!
The goblin looks even sicker.
You kill the goblin! x2
Your toxic aura wanes.
A goblin comes into view. It is wielding a +0 dagger.
Casting: Olgreb's Toxic Radiance (dangerous; 5% risk of failure)
Confirm with . or Enter, or press ? or * to list all spells.
Aiming: Sting (safe; 1% risk of failure)
Press: ? - help, Shift-Dir - straight line, f - ice beast
Aim: an ice beast (78% to hit)
The sting hits the ice beast but does no damage.
The ice beast is poisoned.
The goblin shouts!
Casting: Sting (safe; 1% risk of failure)
Confirm with . or Enter, or press ? or * to list all spells.
You conjure some foxfire!
The ice beast attacks as you move away! The ice beast hits you.
The ice beast freezes you!
You feel a terrible chill!
The foxfire hits the ice beast but does no damage.
The ice beast is lightly wounded.
The foxfire hits the ice beast.
The ice beast is lightly wounded.
Casting: Foxfire (safe; 1% risk of failure)
Confirm with . or Enter, or press ? or * to list all spells.
You conjure some foxfire!
The ice beast hits you. The ice beast freezes you!
You feel a terrible chill!
* * * LOW HITPOINT WARNING * * *
The ice beast attacks as you move away! The ice beast hits you.
* * * LOW HITPOINT WARNING * * *
The ice beast freezes you!
You feel a terrible chill!
You die...

... ..# .......
#.#. )). ......
##.#.# ))) ......
#..#.# #)# ....
###....####..# ...
........>.g.####.
#.# #..#.v.Y.......
#.##
##.....@..#####.
#..# #.......v..#
##.## #..##'##...#
#..# #.##...##..#
##.# ##.....##.###
#v## ##.#...#.##...
#.§###.8.8.8.8.##..
##.##...........#..
# #
#..'...........+v.
.#.#


You could see an ice beast (poisoned, ally target) and a goblin.

Vanquished Creatures
  Grinder (D:3)
  Sigmund (D:4)
  A black bear (D:3)
  A jelly (D:4)
  A hound (D:4)
  An iguana (D:4)
  Natasha (thrice) (D:3)
  Ijyb (D:3)
  Terence (D:3)
  Robin (D:4)
  2 adders
  A shadow imp (D:4)
  An ufetubus (D:4)
  2 worms
  3 dart slugs (D:1)
  5 orcs
  3 ball pythons
  4 endoplasms
  3 giant cockroaches
  7 hobgoblins
  2 quokkas
  3 bats
  5 frilled lizards
  16 goblins
  5 kobolds
  A rat (D:1)
75 creatures vanquished.

Vanquished Creatures (others)
  79 foxfires
79 creatures vanquished.

Grand Total: 154 creatures vanquished

Notes
Turn   | Place    | Note
-------+----------+-------------------------------------------
     0 | D:1      | FexLirch the Djinni Venom Mage began the quest for the Orb.
     0 | D:1      | FexLirch set off with the following spells memorised:
                  | Sting, Poisonous Vapours, Mephitic Cloud, Olgreb's Toxic
                  | Radiance.
     0 | D:1      | Reached XP level 1. HP: 15/15 MP: 0/0
   401 | D:1      | Reached XP level 2. HP: 21/21 MP: 0/0
   716 | D:1      | Reached skill level 3 in Spellcasting
  1254 | D:1      | Reached XP level 3. HP: 18/25 MP: 0/0
  1254 | D:1      | Learned a level 1 spell: Foxfire
  2662 | D:3      | Noticed Natasha
  2670 | D:3      | Killed Natasha
  2671 | D:3      | Reached XP level 4. HP: 16/31 MP: 0/0
  3089 | D:3      | Noticed Grinder
  3098 | D:3      | Killed Grinder
  3099 | D:3      | Reached skill level 5 in Spellcasting
  3099 | D:3      | Reached XP level 5. HP: 19/35 MP: 0/0
  3099 | D:3      | Learned a level 2 spell: Ensorcelled Hibernation
  3099 | D:3      | Reached XP level 6. HP: 21/40 MP: 0/0
  3263 | D:3      | Noticed Natasha
  3269 | D:3      | Killed Natasha
  3443 | D:3      | Noticed Terence
  3449 | D:3      | Killed Terence
  3552 | D:3      | Noticed Ijyb
  3571 | D:3      | Killed Ijyb
  3664 | D:3      | Noticed a black bear
  3669 | D:3      | Killed a black bear
  3670 | D:3      | Reached XP level 7. HP: 38/45 MP: 0/0
  3670 | D:3      | Learned a level 3 spell: Frozen Ramparts
  3938 | D:3      | Noticed Natasha
  3946 | D:3      | Killed Natasha
  3947 | D:3      | Reached skill level 6 in Spellcasting
  4053 | D:4      | Found a shimmering altar of Xom.
  4210 | D:4      | Noticed Sigmund
  4230 | D:4      | Killed Sigmund
  4231 | D:4      | Reached XP level 8. HP: 37/50 MP: 0/0
  4317 | D:4      | Noticed Robin
  4321 | D:4      | Killed Robin
  4328 | D:4      | Mangled by an ice beast

Illustrated notes

Levels and vault maps discovered:
D:1:      lightli_arrival_windingriver, layout_loops_corners
D:2:      layout_basic
D:3:      layout_basic, uniq_natasha, uniq_ijyb, uniq_terence, uniq_grinder
D:4:      layout_rooms, xom_confusion_cloud,
          nicolae_overflow_hallway_of_the_gods, dk_noncrumbling_3, uniq_sigmund,
          uniq_robin

Skill      XL: |  1  2  3  4  5  6  7 |
---------------+----------------------+-----
Spellcasting   | 3 5 6 |  6.9
Dodging        | |  2.1
Stealth        | |  1.5

Action                   |  1- 3 |  4- 6 |  7- 9 || total
-------------------------+-------+-------+-------++-------
Melee: Unarmed           |     5 |       |       ||     5
       Dagger            |     1 |     4 |     1 ||     6
 Cast: Sting             |    43 |     7 |     2 ||    52
       Poisonous Vapours |    11 |    12 |     1 ||    24
       Foxfire           |     3 |    26 |    21 ||    50
       Ensorcelled Hiber |       |       |     3 ||     3
       Olgreb's Toxic Ra |       |       |     5 ||     5
       Mephitic Cloud    |       |       |     2 ||     2
       Frozen Ramparts   |       |       |     2 ||     2
  Use: Scroll            |       |     4 |       ||     4
Armor: Robe              |    10 |     4 |       ||    14
Dodge: Dodged            |    19 |     4 |     2 ||    25
